 Dungeon Crawl Stone Soup version 0.27.1-33-g824d729ab1 (webtiles) character file.

Game seed: 3794900691192439323

5 potato4science the Sneak (level 1, -1/11 HPs)
             Began as an Octopode Hedge Wizard on Dec 17, 2021.
             Slain by a goblin (5 damage)
             ... on level 1 of the Dungeon.
             The game lasted 00:00:56 (215 turns).

potato4science the Sneak (Octopode Hedge Wizard)     Turns: 215, Time: 00:00:56

Health: -1/11      AC:  1    Str:  9    XL:     1   Next: 80%
Magic:  2/4        EV: 10    Int: 16    God:
Gold:   7          SH:  0    Dex: 11    Spells: 5/6 levels left

rFire    . . .     SeeInvis .   a - +0 dagger
rCold    . . .     Faith    .   (no shield)
rNeg     . . .     Spirit   .   b - +0 hat
rPois    .         Reflect  .   (no amulet)
rElec    .         Harm     .   (no ring)
rCorr    .         Rampage  .   (no ring)
Will     .....                  (no ring)
Stlth    +++.......             (no ring)
HPRegen  0.03/turn              (no ring)
MPRegen  0.09/turn              (no ring)
                                (no ring)
                                (no ring)

@: constricted
A: almost no armour, amphibious, 8 rings, camouflage 1, gelatinous body 1,
(nimble swimmer 1), tentacles
a: no special abilities


You were on level 1 of the Dungeon.
You visited 1 branch of the dungeon, and saw 1 of its levels.

You collected 7 gold pieces.

Inventory:

Hand Weapons
 a - a +0 dagger (weapon)
Armour
 b - a +0 hat (worn)


   Skills:
 - Level 2.0 Dodging
 + Level 3.5 Stealth
 - Level 3.0 Spellcasting
 - Level 1.0 Conjurations
 - Level 1.0 Summonings
 - Level 1.0 Translocations


You had 5 spell levels left.
You knew the following spells:

 Your Spells              Type           Power      Damage    Failure   Level
a - Magic Dart            Conj           20%        1d4       12%         1

Your spell library contained the following spells:

 Spells                   Type           Power      Damage    Failure   Level
 Blink                    Tloc           N/A        N/A       19%         2
 Call Imp                 Summ           5%         N/A       19%         2
 Slow                     Hex            2%         N/A       28%         2
 Conjure Flame            Conj/Fire      4%         6-21      41%         3
 Mephitic Cloud           Conj/Pois/Air  3%         N/A       43%         3


Dungeon Overview and Level Annotations

Branches:
Dungeon (1/15)

Altars:


Innate Abilities, Weirdness & Mutations

You cannot wear most types of armour.
You are amphibious.
You can wear up to eight rings at the same time.
Your skin changes colour to match your surroundings (Stealth+).
Your rubbery body absorbs attacks. (AC +1, EV +1)
((You are camouflaged near water. (Stealth+)))
You have tentacles for arms and can constrict up to eight enemies at once.


Message History

You hit the kobold. Your grab misses the kobold.
The kobold is severely wounded.
The kobold barely misses you.
You hit the kobold but do no damage. Your grab misses the kobold.
The kobold is severely wounded.
The kobold barely misses you.
You hit the kobold.
You kill the kobold!
Things that are here:
a +0 whip; a kobold corpse A rat comes into view.
Found 7 gold pieces.
The magic dart hits the rat.
The rat is heavily wounded.
The magic dart hits the rat.
You kill the rat!
You start resting.
Magic restored.
You now have 7 gold pieces.
You see here a rat corpse.
A rat comes into view.
The helpless rat fails to defend itself.
You puncture the rat!
You kill the rat!
A ball python and a goblin come into view.
The goblin shouts!
The magic dart hits the goblin.
The goblin is moderately wounded.
The ball python hisses angrily.
The magic dart hits the goblin.
The goblin is heavily wounded.
You closely miss the goblin. Your grab misses the goblin.
The goblin is heavily wounded.
The goblin hits you with a +0 club.
You barely miss the goblin. Your grab misses the goblin.
Your squeeze misses the goblin.
The goblin is heavily wounded.
The ball python bites you. The ball python grabs you.
The ball python constricts you. The goblin hits you with a +0 club.
You die...

#.................
#..#######.##.#...
#..........##.####
#..........#.. ..
#..........#. ##
#...#......#. #
#...#.####†# #
#...#.# #.# #
#@..#.# #.# #
#..gS...# #.# .
###...### #.######
#...# ###......#
#...# #.....####
#...# #.###.#
#...# #.#...#
#...# #.#.###
#.#.#


You could see a goblin and a ball python.

Vanquished Creatures
  A giant cockroach (D:1)
  A quokka (D:1)
  A frilled lizard (D:1)
  A kobold (D:1)
  2 rats (D:1)
6 creatures vanquished.

Notes
Turn   | Place    | Note
-------+----------+-------------------------------------------
     0 | D:1      | potato4science the Octopode Hedge Wizard began the quest
                  | for the Orb.
     0 | D:1      | Reached XP level 1. HP: 11/11 MP: 4/4
   215 | D:1      | Slain by a goblin

Illustrated notes

Levels and vault maps discovered:
D:1:      heliophobic_arrival_henge, layout_basic

Skill      XL: |  1 |
---------------+----+-----
Stealth        | 3 |  3.5
Dodging        | |  2.0
Spellcasting   | |  3.0
Conjurations   | |  1.0
Summonings     | |  1.0
Translocations | |  1.0

Action                   || total
-------------------------++-------
Melee: Dagger            ||    13
       Constrict         ||     1
       Tentacles         ||     1
 Cast: Magic Dart        ||     4
 Stab: Sleeping          ||     2
Armor: Skin              ||     1
Dodge: Dodged            ||     6
